 Dungeon Crawl Stone Soup version 0.30-a0-939-gc8157cb160 (webtiles) character file.

Game seed: 2067977019153928671

13808 oldriver the Thaumaturge (level 11, 0/95 (99) HPs)
             Began as a Red Draconian Ice Elementalist on Mar 25, 2023.
             Was a Priest of Vehumet.
             Slain by a deep troll (15 damage)
             ... on level 2 of the Orcish Mines.
             The game lasted 00:35:47 (17731 turns).

oldriver the Thaumaturge (DrIE)                    Turns: 17731, Time: 00:35:49

HP:   0/95 (99)     AC: 12    Str: 19    XL:     11   Next: 80%
MP:   17/25         EV: 14    Int: 17    God:    Vehumet [***...]
Gold: 1063          SH:  0    Dex: 12    Spells: 7/30 levels left

rFire   + + .      SeeInvis .    D - +3 short sword of the Bashing Gods {freeze, rElec rF+ Will+ Str+8 Int-2}
rCold   . . .      Faith    .    (no shield)
rNeg    . . .      Spirit   .    (body armour unavailable)
rPois   .          Reflect  .    (helmet restricted)
rElec   +          Rampage  .    H - +0 cloak
rCorr   +                        J - +0 pair of gloves
Will    +....                    i - +2 pair of boots
Stlth   ++                       (no amulet)
HPRegen 0.35/turn                w - +4 ring of slaying
MPRegen 0.19/turn                C - ring of resist corrosion

@: lightly drained
A: breathe fire, AC +7, unfitting armour, fire resistance 1, cold-blooded
a: Breathe Fire, Renounce Religion


You were on level 2 of the Orcish Mines.
You worshipped Vehumet.
Vehumet was most pleased with you.
You visited 4 branches of the dungeon, and saw 15 of its levels.
You also visited: Sewer.

You collected 1321 gold pieces.
You spent 258 gold pieces at shops.

Inventory:

Hand Weapons
 f - a +1 sling of freezing
 D - the +3 short sword of the Bashing Gods (weapon) {freeze, rElec rF+ Will+ Str+8 Int-2}
   (You bought it in a shop on level 8 of the Dungeon)

   Str:       It affects your strength (+8).
   Int:       It affects your intelligence (-2).
   rF:        It protects you from fire.
   rElec:     It insulates you from electricity.
   Will:      It increases your willpower.
Missiles
 m - a throwing net
 q - 10 curare-tipped darts
 r - 6 atropa-tipped darts
 v - a boomerang of dispersal
Armour
 i - a +2 pair of boots (worn)
 H - a +0 cloak (worn)
 J - a +0 pair of gloves (worn)
Jewellery
 c - a ring of fire
 w - a +4 ring of slaying (left hand)
 C - a ring of resist corrosion (right hand)
 G - a ring of protection from cold
Wands
 p - a wand of paralysis (12)
 I - a wand of polymorph (2)
Scrolls
 d - 3 scrolls of poison
 h - 3 scrolls of magic mapping
 n - 3 scrolls of amnesia
 o - 2 scrolls of immolation
 z - 2 scrolls of enchant armour
 B - 2 scrolls of teleportation
Potions
 a - a potion of magic
 b - a potion of curing
 e - 4 potions of heal wounds
 g - 2 potions of resistance
 j - 2 potions of flight
 k - a potion of ambrosia
 l - 2 potions of haste
 t - 4 potions of mutation
 u - 2 potions of might
 x - 2 potions of attraction
 A - a potion of cancellation {unknown}
 E - 2 potions of degeneration
 K - a potion of experience {unknown}


   Skills:
 - Level 10.0 Fighting
 + Level 6.0 Dodging
 - Level 4.0 Stealth
 + Level 10.0 Spellcasting
 + Level 8.0 Conjurations
 - Level 5.0 Hexes
 - Level 3.0 Translocations
 - Level 3.0 Fire Magic
 - Level 4.1 Ice Magic


You had 7 spell levels left.
You knew the following spells:

 Your Spells              Type           Power      Damage    Failure   Level
a - Freeze                Ice            88%        1d9       1%          1
b - Frozen Ramparts       Ice            44%        1d7       1%          3
c - Ozocubu's Armour      Ice            22%        N/A       4%          3
d - Ignite Poison         Fire/Tmut/Pois 11%        N/A       4%          3
e - Foxfire               Conj/Fire      100%       2x1d9     1%          1
p - Fulminant Prism       Conj/Hex       15%        3d11      1%          4
r - Searing Ray           Conj           70%        2d7       1%          2
s - Momentum Strike       Conj/Tloc      54%        3d9       1%          2
x - Iskenderun's Mystic   Conj/Tloc      27%        2d7       2%          4

Your spell library contained the following spells:

 Spells                   Type           Power      Damage    Failure   Level
 Dazzling Flash           Conj/Hex       60%        N/A       1%          3
 Magic Dart               Conj           100%       1d8       1%          1
 Shock                    Conj/Air       88%        1d8       1%          1
 Slow                     Hex            100%       N/A       1%          1
 Apportation              Tloc           36%        N/A       2%          1
 Confusing Touch          Hex            25%        N/A       3%          3
 Kindle Blastsparks       Fire/Tloc/Air  30%        2d12      3%          3
 Necrotise                Necr           32%        1d5       9%          1
 Summon Small Mammal      Summ           32%        N/A       9%          1
 Airstrike                Air            4%         2d(1-17)  21%         4
 Passage of Golubria      Tloc           18%        N/A       24%         4
 Swiftness                Air            8%         N/A       26%         3
 Vampiric Draining        Necr           8%         2d6       26%         3
 Summon Ice Beast         Ice/Summ       15%        N/A       36%         4
 Metabolic Englaciation   Hex/Ice        12%        N/A       36%         5
 Lee's Rapid Deconstruct  Erth           4%         3d5*      50%         5
 Petrify                  Tmut/Erth      8%         N/A       63%         4
 Silence                  Hex/Air        8%         N/A       63%         5
 Statue Form              Tmut/Erth      5%         N/A       100%        6
 Lehudib's Crystal Spear  Conj/Erth      11%        10d4      100%        8


Dungeon Overview and Level Annotations

Branches:
Dungeon (10/15)            Temple (1/1) D:4            Lair (2/5) D:10
    Orc (2/2) D:9           Sewer (visited)
  Swamp: Lair:2-3    Shoals: Lair:2-3     Snake: Lair:2-3    Spider: Lair:2-3
    Elf: Orc:2

Altars:
Ashenzari
Cheibriados
Dithmenos
Elyvilon
Fedhas
Gozag
Hepliaklqana
Kikubaaqudgha
Makhleb
Nemelex Xobeh
Okawaru
Qazlal
Ru
Sif Muna
Trog
Uskayaw
Vehumet
Wu Jian
Xom
Yredelemnul
Zin
The Shining One

Shops:
D:5 =   D:6 (   D:8 *?   D:9 *

Annotations:
D:3 3 runed translucent doors, ThatPearl's ghost, weakling GnRe
Lair:1 exclusion: oklob plant


Innate Abilities, Weirdness & Mutations

You can breathe blasts of fire.
Your fiery red scales are hard. (AC +7)
You cannot fit into any form of body armour.
Your flesh is heat resistant. (rF+)
You are cold-blooded and may be slowed by cold attacks.


Message History

You kill the ogre!
Vehumet accepts your kill.
You feel your power returning.
The mystic blast hits the troll.
The troll is lightly wounded.
The troll is knocked back by the mystic blast.
The troll slams into the rock wall!
The troll is lightly wounded.
The mystic blast hits the troll.
The troll is heavily wounded.
The troll is knocked back by the mystic blast.
The troll slams into the rock wall!
The troll is heavily wounded.
The mystic blast hits the ogre.
The ogre is moderately wounded.
The ogre is knocked back by the mystic blast.
The ogre collides with the ogre!
The ogre is moderately wounded. x2
The mystic blast hits the ogre!
You kill the ogre!
Vehumet accepts your kill.
You feel your power returning.
The mystic blast hits the ogre!
The ogre is almost dead.
The ogre is knocked back by the mystic blast.
The mystic blast hits the deep troll!
The deep troll is moderately wounded.
The deep troll is knocked back by the mystic blast.
The deep troll collides with the ogre!
The ogre is moderately wounded.
The mystic blast hits the two-headed ogre.
The two-headed ogre is moderately wounded.
The two-headed ogre is knocked back by the mystic blast.
The two-headed ogre slams into the rock wall!
The two-headed ogre is heavily wounded.
The mystic blast hits the two-headed ogre.
The two-headed ogre is lightly wounded.
The two-headed ogre is knocked back by the mystic blast.
The orc sorcerer gestures wildly while chanting.
A cyclops comes into view.
The deep troll bites you!
You die...

#..## .# .
#...##.## ..
#...#... . .T.
#...... .. .
OO#O....##..#
... .T.).......
.C.TO#).<......
#..OT@)O.....
##.OT........
##..O.O.....
#.....4#....
##...o#. ...
##..#... ..
..... .. .
#.#......


You could see 3 two-headed ogres, a deep troll, a cyclops, a rust devil
(summoned), 4 trolls, an orc sorcerer and 6 ogres.

Vanquished Creatures
  A hydra (D:7)
  Lodul (D:10)
  An orc sorcerer (Orc:1)
  2 oklob plants (Lair:1)
  Joseph (Lair:1)
  3 black mambas
  5 trolls
  5 blink frogs (Lair:1)
  A shadow (D:10)
  2 vampires
  2 wyverns
  4 yaks
  Eustachio (D:6)
  A basilisk (Lair:1)
  A steam dragon (D:8)
  A warg (Orc:1)
  An acid dragon (D:10)
  6 water moccasins
  A floating eye (Lair:1)
  Pargi (Sewer)
  A sky beast (D:8)
  4 black bears
  5 orc warriors
  3 ice beasts
  20 ogres
  A centaur (D:6)
  A phantom (D:4)
  Blork the orc (D:6)
  3 bullfrogs
  2 scorpions
  6 wights
  14 killer bees
  4 electric eels (D:9)
  A crimson imp (D:10)
  3 hounds
  A gnoll bouda (D:3)
  6 orc priests
  A sleepcap (D:5)
  Natasha (thrice) (D:3)
  3 iguanas
  9 orc wizards
  19 gnolls
  9 adders
  2 river rats (D:6)
  2 shadow imps
  5 white imps
  2 ufetubi
  A worm (D:2)
  A dart slug (D:2)
  51 orcs
  3 ball pythons
  4 bats
  7 endoplasms
  6 giant cockroaches
  12 hobgoblins
  2 jackals (D:3)
  7 quokkas
  4 frilled lizards
  10 goblins
  4 kobolds
  5 rats
289 creatures vanquished.

Vanquished Creatures (collateral kills)
  48 foxfires
48 creatures vanquished.

Vanquished Creatures (others)
  1036 foxfires
  17 fulminant prisms
  12 fungi (D:10)
  13 plants
1078 creatures vanquished.

Grand Total: 1415 creatures vanquished

Notes
Turn   | Place    | Note
-------+----------+-------------------------------------------
     0 | D:1      | oldriver the Draconian Ice Elementalist began the quest for
                  | the Orb.
     0 | D:1      | Reached XP level 1. HP: 14/14 MP: 3/3
   233 | D:1      | Reached XP level 2. HP: 16/20 MP: 0/5
   794 | D:2      | Reached XP level 3. HP: 27/27 MP: 2/7
   933 | D:2      | Reached skill level 1 in Fighting
  1166 | D:2      | Reached XP level 4. HP: 23/35 MP: 4/8
  1873 | D:3      | Found a runed translucent gate.
  1873 | D:3      | Found a runed translucent gate.
  1873 | D:3      | Found a runed translucent gate.
  1879 | D:3      | Noticed ThatPearl's ghost (weakling GnRe)
  1897 | D:3      | Noticed Natasha
  1908 | D:3      | Killed Natasha
  1975 | D:3      | Learned a level 3 spell: Frozen Ramparts
  1979 | D:3      | Learned a level 3 spell: Ozocubu's Armour
  2033 | D:3      | Found a faded altar of an unknown god.
  2112 | D:3      | Noticed Natasha
  2118 | D:3      | Killed Natasha
  2119 | D:3      | Reached skill level 5 in Ice Magic
  2157 | D:3      | Reached XP level 5. HP: 41/41 MP: 7/10
  2487 | D:3      | Noticed Natasha
  2492 | D:3      | Killed Natasha
  2951 | D:4      | Reached XP level 6. HP: 47/48 MP: 10/13
  3446 | D:4      | Learned a level 2 spell: Searing Ray
  3456 | D:4      | Reached skill level 5 in Spellcasting
  3564 | D:4      | Reached skill level 1 in Conjurations
  3806 | D:4      | Found a staircase to the Ecumenical Temple.
  3816 | Temple   | Entered the Ecumenical Temple
  3898 | Temple   | Became a worshipper of Vehumet
  4033 | D:4      | Your scales start taking on a fiery red colour.
  4033 | D:4      | Reached XP level 7. HP: 28/57 MP: 0/14
  4033 | D:4      | Gained mutation: Your flesh is heat resistant. (rF+) [Red
                  | Draconian growth]
  4301 | D:5      | Entered Level 5 of the Dungeon
  4559 | D:5      | Found Ginlo's Jewellery Shoppe.
  5054 | D:4      | Learned a level 4 spell: Fulminant Prism
  5141 | D:5      | Reached * piety under Vehumet
  5141 | D:5      | Offered knowledge of Foxfire by Vehumet.
  5144 | D:5      | Learned a level 1 spell: Foxfire
  5291 | D:5      | Reached skill level 1 in Fire Magic
  5291 | D:5      | Reached XP level 8. HP: 63/66 MP: 7/17
  5375 | D:5      | Found a burning altar of Makhleb.
  5938 | D:6      | Found a glowing drain.
  5953 | Sewer    | Entered a sewer
  6184 | Sewer    | Noticed Pargi
  6191 | Sewer    | Killed Pargi
  6853 | D:6      | Found Dagheacutu's Weapon Shoppe.
  6957 | D:6      | Noticed Eustachio
  6967 | D:6      | Killed Eustachio
  6968 | D:6      | Reached skill level 5 in Conjurations
  7193 | D:6      | Noticed Blork the orc
  7205 | D:6      | Killed Blork the orc
  7424 | D:6      | You fall into a shaft and drop 3 floors!
  7433 | D:9      | Learned a level 4 spell: Iskenderun's Mystic Blast
  7441 | D:9      | Noticed a troll
  7480 | D:9      | Reached XP level 9. HP: 45/70 MP: 18/21
  7487 | D:9      | Reached ** piety under Vehumet
  7488 | D:9      | Offered knowledge of Momentum Strike by Vehumet.
  7502 | D:9      | Killed a troll
  7503 | D:9      | Reached skill level 1 in Hexes
  7503 | D:9      | Reached skill level 1 in Translocations
  8179 | D:6      | Learned a level 2 spell: Momentum Strike
  8227 | D:7      | Noticed a seven-headed hydra
  8229 | D:7      | Noticed a troll
  8246 | D:7      | Killed a seven-headed hydra
  8247 | D:7      | Reached skill level 5 in Fighting
  8247 | D:7      | Killed a troll
  9109 | D:7      | Found the +1 robe of Vines {NoPotionHeal Regen++++}
  9241 | D:8      | Found Ziguumur's Magic Scroll Boutique.
  9251 | D:8      | Bought a scroll of teleportation for 33 gold pieces
  9251 | D:8      | Bought a scroll of teleportation for 33 gold pieces
  9292 | D:8      | Found a sparkling altar of Nemelex Xobeh.
  9451 | D:8      | Reached XP level 10. HP: 77/83 MP: 12/22
  9560 | D:8      | Found Etzou's Assorted Antiques.
  9563 | D:8      | Bought a bloodstained short sword for 192 gold pieces
  9563 | D:8      | Identified the +3 short sword of the Bashing Gods {freeze,
                  | rElec rF+ Will+ Str+8 Int-2} (You bought it in a shop on
                  | level 8 of the Dungeon)
 10809 | D:9      | Found Jahaed's General Store.
 11693 | D:9      | Found a staircase to the Orcish Mines.
 12212 | D:10     | Entered Level 10 of the Dungeon
 12411 | D:10     | Noticed Lodul
 12600 | D:10     | Offered knowledge of Ignite Poison by Vehumet.
 13073 | D:10     | Learned a level 3 spell: Ignite Poison
 13222 | D:10     | Killed Lodul
 13222 | D:10     | Reached *** piety under Vehumet
 13584 | D:10     | Found a staircase to the Lair.
 14378 | D:10     | Reached XP level 11. HP: 73/92 MP: 19/24
 14522 | Lair:1   | Entered Level 1 of the Lair of Beasts
 14628 | Lair:1   | Noticed Joseph
 14647 | Lair:1   | Killed Joseph
 14890 | Lair:1   | Reached skill level 5 in Dodging
 15289 | Lair:1   | Noticed an oklob plant
 15314 | Lair:1   | Killed an oklob plant
 15544 | Lair:1   | Noticed an oklob plant
 15651 | Lair:1   | Killed an oklob plant
 15762 | Lair:1   | Noticed an oklob plant
 15871 | Lair:1   | Reached skill level 5 in Hexes
 16354 | Lair:1   | Offered knowledge of Dazzling Flash by Vehumet.
 16688 | D:9      | Reached skill level 10 in Spellcasting
 16824 | Orc:1    | Entered Level 1 of the Orcish Mines
 16834 | Orc:1    | Noticed an orc sorcerer
 17177 | Orc:1    | Killed an orc sorcerer
 17547 | Orc:2    | Entered Level 2 of the Orcish Mines
 17547 | Orc:2    | Noticed an orc sorcerer
 17608 | Orc:2    | Noticed a two-headed ogre
 17608 | Orc:2    | Noticed an ogre mage
 17609 | Orc:2    | Noticed a deep troll
 17610 | Orc:2    | Noticed a two-headed ogre
 17611 | Orc:2    | Reached skill level 10 in Fighting
 17729 | Orc:2    | Noticed a two-headed ogre
 17729 | Orc:2    | Noticed a two-headed ogre
 17731 | Orc:2    | Slain by a deep troll

Illustrated notes

Levels and vault maps discovered:
D:1:      dpeg_arrival_tiny_i, layout_basic
D:2:      wad_river_or_something, layout_basic
D:3:      layout_loops_ring, gammafunk_ghost_necromancy,
          dreamdust_ecumenical_altar_angels_and_demons, minmay_misc_feat_tiny,
          uniq_natasha
D:4:      layout_rooms, minmay_temple_entry_statues_pillars
D:5:      layout_rooms, mainiacjoe_overflow_small_starburst, serial_shops, shop
D:6:      minmay_inner_zag, layout_loops_ring, gup_sewer_entry_bowl,
          serial_shops, nicolae_shop_crystal, uniq_blork_the_orc, uniq_eustachio
D:7:      layout_cave_pools, hellmonk_guarded_unrand_vines
D:8:      layout_basic, lemuel_tele_altar, serial_shops, nicolae_square_shop,
          nicolae_shop_behind_doors
D:9:      layout_loops_ring, hiddenorc1_lemuel, serial_shops, shop,
          kennysheep_boxes
D:10:     layout_grid_maze, grunt_lair_entry_orc_guard_hut,
          minmay_fire_ice_demons, uniq_lodul
Temple:   nicolae_temple_bog_church
Lair:1:   layout_cave_pods, disabler_island, uniq_joseph
Lair:2:   layout_cave_pods, swamp_mist, minmay_snake_entry_six_corridors,
          grunt_forest_large_clearings
Orc:1:    layout_caves, uniq_jorgrun
Orc:2:    st_orc_open, layout_caves, serial_shops, shop, minmay_orc_keep

Skill      XL: |  1  2  3  4  5  6  7  8  9 10 11 |
---------------+----------------------------------+-----
Fighting       | 1 2 3 4 5 7 10 | 10.0
Spellcasting   | 3 4 5 6 8 9 10 | 10.0
Ice Magic      | 5 4 |  4.1
Dodging        | 2 4 6 |  6.0
Stealth        | 2 3 4 |  4.0
Conjurations   | 1 3 5 6 7 8 |  8.0
Fire Magic     | 1 3 |  3.0
Hexes          | 3 4 5 |  5.0
Translocations | 3 |  3.0

Action                     |  1- 3 |  4- 6 |  7- 9 | 10-12 || total
---------------------------+-------+-------+-------+-------++-------
  Melee: Short sword       |       |       |       |    14 ||    14
         Tailslap          |       |       |       |     1 ||     1
         Punch             |       |       |       |     1 ||     1
   Fire: Sling             |    92 |   163 |   129 |    19 ||   403
   Cast: Freeze            |    29 |    58 |    20 |     7 ||   114
         Frozen Ramparts   |       |    12 |    27 |     7 ||    46
         Foxfire           |       |       |   185 |   442 ||   627
         Searing Ray       |       |       |    13 |    16 ||    29
         Ozocubu's Armour  |       |       |     7 |       ||     7
         Fulminant Prism   |       |       |       |    17 ||    17
         Iskenderun's Myst |       |       |       |    42 ||    42
         Momentum Strike   |       |       |       |     1 ||     1
Ability: Breathe Fire      |       |       |     2 |     1 ||     3
  Evoke: Wand              |       |       |     9 |     2 ||    11
    Use: Scroll            |       |     8 |    10 |     9 ||    27
         Potion            |       |       |     7 |       ||     7
 Armour: Skin              |    17 |    38 |    70 |    35 ||   160
  Dodge: Dodged            |    27 |    72 |   121 |   113 ||   333

Table legend: (Time is in decaauts)
 A = Elapsed time spent in this place.
 B = Non-inter-level travel time spent in this place.
 C = Inter-level travel time spent in this place.
 D = Time resting spent in this place.
 E = Time spent auto-exploring this place.
 F = Levels seen in this place.
 G = Mean time per level.
                   A        B        C        D        E       F      G
               +--------+--------+--------+--------+--------+-----+--------+
         Total |  17932 |  17153 |    779 |   3483 |  10863 |  16 | 1120.8 |
       Dungeon |  14969 |  14307 |    662 |   2865 |   9237 |  10 | 1496.9 |
        Temple |    180 |    148 |     32 |      0 |    131 |   1 |  180.0 |
          Lair |   1849 |   1803 |     46 |    414 |   1036 |   2 |  924.5 |
  Orcish Mines |    598 |    561 |     37 |    132 |    335 |   2 |  299.0 |
         Sewer |    335 |    335 |      0 |     72 |    123 |   1 |  335.0 |
               +--------+--------+--------+--------+--------+-----+--------+

Top non-repeatable levels by time:
    D:10: 2584 daAuts
     D:9: 2204 daAuts
     D:6: 1790 daAuts
  Lair:1: 1517 daAuts
     D:8: 1515 daAuts
     D:5: 1310 daAuts
     D:3: 1306 daAuts
     D:4: 1291 daAuts
     D:2: 1191 daAuts
     D:7: 1066 daAuts
     D:1: 708 daAuts
   Orc:1: 575 daAuts
   Sewer: 335 daAuts
  Lair:2: 331 daAuts
  Temple: 180 daAuts
